 Dungeon Crawl Stone Soup version 0.30-a0-557-ge2afbf3030 (webtiles) character file.

Game seed: 5623557055573504078

558 bande the Covered (level 7, -2/44 HPs)
             Began as a Gargoyle Fighter on Dec 28, 2022.
             Slain by an earth elemental (4 damage)
             ... on level 1 of the Abyss.
             The game lasted 00:05:27 (4415 turns).

bande the Covered (Gargoyle Fighter)                Turns: 4415, Time: 00:05:28

Health: -2/44      AC: 17    Str: 19      XL:     7   Next: 31%
Magic:  7/7        EV:  7    Int:  9      God:
Gold:   44         SH:  4    Dex:  6 (11) Spells: 6/6 levels left

rFire   . . .      SeeInvis .    a - +0 war axe
rCold   . . .      Faith    .    c - +0 buckler
rNeg    + . .      Spirit   .    k - +0 chain mail
rPois   ∞          Reflect  .    n - +0 helmet
rElec   +          Harm     .    q - +0 cloak
rCorr   .          Rampage  .    (no gloves)
Will    .....                    (no boots) Stlth
                                 (no amulet)
HPRegen 0.27/turn                (no ring)
MPRegen 0.10/turn                (no ring)

@: no status effects
A: sickness immunity, AC +4, negative energy resistance 1, electricity
resistance, torment resistance 1, petrification resistance
a: no special abilities


You were on level 1 of the Abyss.
You visited 1 branch of the dungeon, and saw 3 of its levels.
You visited the Abyss 1 time.

You collected 114 gold pieces.
You spent 70 gold pieces at shops.

Inventory:

Hand Weapons
 a - a +0 war axe (weapon)
 g - a +0 flail
Armour
 c - a +0 buckler (worn)
 k - a +0 chain mail (worn)
 n - a +0 helmet (worn)
 q - a +0 cloak (worn)
Jewellery
 p - a ring of fire
Wands
 i - a wand of quicksilver (3)
 l - a wand of flame (21)
 m - a wand of charming (14)
Scrolls
 s - a scroll of teleportation
Potions
 b - a potion of cancellation {unknown}
 d - 3 potions of might
 e - a potion of magic {unknown}
 f - 2 potions of curing {unknown}
 h - 3 potions of heal wounds
 j - a potion of flight {unknown}
 o - a potion of lignification {unknown}
 r - a potion of mutation {unknown}


   Skills:
 + Level 4.6 Fighting
 + Level 4.6 Axes
 + Level 5.0 Armour
 + Level 4.1 Shields
 * Level 2.2 Evocations


You had 6 spell levels left.
You didn't know any spells.
Your spell library contained the following spells:

 Spells                   Type           Power      Damage    Failure   Level
 Ozocubu's Armour         Ice            0%         N/A       100%        3
 Ozocubu's Refrigeration  Ice            0%         4d7       100%        7


Dungeon Overview and Level Annotations

Branches:
Dungeon (3/15)

Altars:
Trog

Shops:
D:2 [   D:3 !

Portals:
Abyss: D:3

Annotations:
D:3 1 transporter


Innate Abilities, Weirdness & Mutations

You are immune to sickness and miasma.
Your stone body is resilient. (AC +4)
You are immune to poison.
You resist negative energy. (rN+)
You are resistant to electric shocks. (rElec)
You are resistant to unholy torment.
You are immune to petrification.


Message History

There is an empty arch of ancient stone here.
There is a corrupted altar of Lugonu here.
There is a corrupted altar of Lugonu here.
An earth elemental comes into view.
An earth elemental is nearby!
The earth elemental hits you!
You hit the earth elemental but do no damage.
The earth elemental hits you!!
You are too injured to fight recklessly!
You are too injured to fight recklessly!
You are too injured to fight recklessly!
You are too injured to fight recklessly!
You are too injured to fight recklessly!
You are too injured to fight recklessly!
You are too injured to fight recklessly!
You are too injured to fight recklessly!
You are too injured to fight recklessly!
You are too injured to fight recklessly!
You are too injured to fight recklessly!
You are too injured to fight recklessly!
You are too injured to fight recklessly!
You are too injured to fight recklessly!
You are too injured to fight recklessly!
You are too injured to fight recklessly!
An earth elemental is nearby!
An earth elemental is nearby!
You hit the earth elemental.
The earth elemental is lightly damaged.
You hit the earth elemental.
The earth elemental is moderately damaged.
The earth elemental hits you!
* * * LOW HITPOINT WARNING * * *
You hit the earth elemental.
The earth elemental is moderately damaged.
The earth elemental hits you!
* * * LOW HITPOINT WARNING * * *
You hit the earth elemental but do no damage.
The earth elemental is moderately damaged.
The earth elemental hits you.
You die...

##.# ## #. ...#
.#. #.. #. ##. ..#
..# #..#. #
#...###.# ..
.#.#.#
####..#.##.##
.##..# ##....#
#.#..# # .
#..#.###.#..# # .#
.### ### ##..#§..#
..# .##
.##.####.## . # .
.. .........@..#
.# #
..........E#...# #
..
_..........#..##
##.. # .
..#......... #
...#.
##∩#......#.# .
..#....∩#§X§.###.#
. ..##..#... # .
.##.. . ..#.. .
..# .


You could see a starcursed mass and an earth elemental.

Vanquished Creatures
  The ghost of Cancer the Digger, an amateur GrEE (D:3)
  2 necrophages
  2 quasits (D:3)
  An orc priest (D:3)
  Jessica (D:2)
  Robin (D:2)
  4 gnolls (D:3)
  An adder (D:3)
  An ufetubus (D:3)
  2 worms (D:3)
  2 dart slugs
  7 orcs
  4 endoplasms
  15 goblins
  6 hobgoblins
  6 quokkas
  6 ball pythons
  6 bats
  4 frilled lizards
  9 kobolds
  7 rats
88 creatures vanquished.

Vanquished Creatures (others)
  8 plants (D:1)
8 creatures vanquished.

Grand Total: 96 creatures vanquished

Notes
Turn   | Place    | Note
-------+----------+-------------------------------------------
     0 | D:1      | bande the Gargoyle Fighter began the quest for the Orb.
     0 | D:1      | Reached XP level 1. HP: 14/14 MP: 1/1
   169 | D:1      | Reached XP level 2. HP: 12/19 MP: 2/2
   566 | D:1      | Reached XP level 3. HP: 13/24 MP: 3/3
  1037 | D:2      | Found Giofih's Armour Emporium.
  1049 | D:2      | Noticed Jessica
  1053 | D:2      | Killed Jessica
  1363 | D:2      | Reached XP level 4. HP: 28/29 MP: 4/4
  1425 | D:2      | Found a faded altar of an unknown god.
  1470 | D:2      | Noticed Robin
  1476 | D:2      | Killed Robin
  1820 | D:2      | Noticed a necrophage
  1830 | D:2      | Killed a necrophage
  1831 | D:2      | Reached skill level 4 in Armour
  1831 | D:2      | Reached skill level 1 in Evocations
  1831 | D:2      | Reached XP level 5. HP: 31/33 MP: 5/5
  2780 | D:3      | Reached XP level 6. HP: 39/39 MP: 6/6
  2811 | D:3      | Identified the +2 leather armour of Kleptomania {Drain
                  | Will- Int+6}
  2825 | D:3      | Found a one-way gate to the infinite horrors of the Abyss.
  2825 | D:3      | Noticed Cancer's ghost (amateur GrEE)
  2840 | D:3      | Found a transporter.
  2914 | D:3      | Found a bloodstained altar of Trog.
  3181 | D:3      | Found a transporter.
  3847 | D:3      | Found Miode's Distillery.
  3852 | D:3      | Bought a potion of heal wounds for 70 gold pieces
  4095 | D:3      | Killed Cancer's ghost
  4096 | D:3      | Reached XP level 7. HP: 41/44 MP: 7/7
  4118 | D:3      | Reached skill level 5 in Armour
  4352 | Abyss:1  | Cast into level 1 of the Abyss (gnoll)
  4354 | Abyss:1  | Found a corrupted altar of Lugonu.
  4414 | Abyss:1  | HP: 1/44 [earth elemental (7)]
  4415 | Abyss:1  | Noticed a starcursed mass
  4415 | Abyss:1  | Slain by an earth elemental

Illustrated notes

Levels and vault maps discovered:
D:1:      amcnicky_arrival_abandoned_market, layout_basic,
          lexackson_kobold_supper
D:2:      cheibrodos_helix_gallery, layout_basic,
          dreamdust_ecumenical_altar_statues, serial_shops, shop, uniq_robin,
          uniq_jessica
D:3:      layout_basic, bloody_trog, serial_shops, shop_fountains,
          gammafunk_ghost_abyssal_escape, eino_tiny_chamber
Abyss:1:  base:
D:2

Skill      XL: |  1  2  3  4  5  6  7 |
---------------+----------------------+-----
Axes           | 2 3 4 |  4.6
Fighting       | 4 |  4.6
Armour         | 4 5 |  5.0
Evocations     | 1 2 |  2.2
Shields        | 4 |  4.1

Action                   |  1- 3 |  4- 6 |  7- 9 || total
-------------------------+-------+-------+-------++-------
Melee: War axe           |    79 |   167 |    41 ||   287
  Use: Scroll            |       |     4 |       ||     4
Armor: Scale mail        |    47 |    21 |       ||    68
       Chain mail        |       |   106 |   139 ||   245
Dodge: Dodged            |    30 |    71 |    67 ||   168
Block: Buckler           |    21 |    43 |    26 ||    90

Table legend: (Time is in decaauts)
 A = Elapsed time spent in this place.
 B = Non-inter-level travel time spent in this place.
 C = Inter-level travel time spent in this place.
 D = Time resting spent in this place.
 E = Time spent auto-exploring this place.
 F = Levels seen in this place.
 G = Mean time per level.
                   A        B        C        D        E       F      G
               +--------+--------+--------+--------+--------+-----+--------+
         Total |   4525 |   4462 |     63 |   1519 |   2224 |   4 | 1131.2 |
       Dungeon |   4461 |   4398 |     63 |   1519 |   2171 |   3 | 1487.0 |
         Abyss |     63 |     63 |      0 |      0 |     53 |   1 |   63.0 |
               +--------+--------+--------+--------+--------+-----+--------+

Top non-repeatable levels by time:
     D:3: 2133 daAuts
     D:2: 1513 daAuts
     D:1: 814 daAuts
 Abyss:1: 63 daAuts
